 Dungeon Crawl Stone Soup version 0.18-a0-853-gfe32976 (webtiles) character file.

57 Proton the Shield-Bearer (level 4, -8/35 HPs)
             Began as a Formicid Fighter on Dec 21, 2015.
             Mangled by an orc
             ... wielding a +1 short sword of electrocution
              (17 damage)
             ... on level 2 of the Dungeon.
             The game lasted 00:01:53 (1354 turns).

Proton the Shield-Bearer (Formicid Fighter)         Turns: 1354, Time: 00:01:53

Health: -8/35      AC:  7    Str: 21    XL:     4   Next: 18%
Magic:  4/4        EV:  8    Int:  8    God:
Gold:   51         SH:  9    Dex: 10    Spells: 0 memorised, 3 levels left

rFire  . . .     SeeInvis +     a - +0 war axe
rCold  + . .     Gourm    .     b - +0 scale mail
rNeg   . . .     Faith    .     c - +0 shield
rPois  .         Spirit   .     (helmet unavailable)
rElec  .         Dismiss  .     (no cloak)
rCorr  .         Reflect  .     (no gloves)
SustAt .         Harm     .     (no boots)
MR     .....                    (no amulet)
Stlth  ..........               k - ring of teleportation (curse)
                                m - ring of protection from cold

@: not resistant to hostile enchantments, extremely unstealthy
A: permanent stasis, dig shafts and tunnels, four strong arms, antennae 3
a: Dig, Shaft Self, Evoke Teleportation


You were on level 2 of the Dungeon.
You were not hungry.

You visited 1 branch of the dungeon, and saw 3 of its levels.

You collected 51 gold pieces.

Inventory:

Hand Weapons
 a - a +0 war axe (weapon)
Armour
 b - a +0 scale mail (worn)
 c - a +0 shield (worn)
Jewellery
 k - a cursed ring of teleportation (right hand)
 m - a ring of protection from cold (left hand)
Scrolls
 g - 2 scrolls of random uselessness {unknown}
 i - a scroll of amnesia {unknown}
 n - a scroll of noise {unknown}
 p - a scroll of identify {unknown}
 q - a scroll of enchant weapon {unknown}
Potions
 d - a potion of might
 e - 2 potions of degeneration {unknown}
 j - a potion of resistance
 l - a potion of invisibility {unknown}
 o - a potion of mutation {unknown}
Comestibles
 f - 3 bread rations
 h - a meat ration


   Skills:
 + Level 3.4 Fighting
 + Level 2.4 Axes
 + Level 3.8 Armour
 + Level 1.2 Dodging
 + Level 4.2 Shields


You had 3 spell levels left.
You didn't know any spells.

Dungeon Overview and Level Annotations

Branches:
Dungeon (3/15)

Altars:
Yredelemnul

Annotations:
D:3 Yendor's ghost, amateur DEWz


Innate Abilities, Weirdness & Mutations

You are under a permanent stasis effect.
You can dig through walls and to a lower floor.
Your four strong arms can wield two-handed weapons with a shield.
You have a pair of large antennae on your head (SInv).


Message History

The orc closely misses you.
Found 7 gold pieces.
There is a stone staircase leading up here.
The orc wizard shouts!
You block the orc's attack.
You climb upwards.
There is a stone staircase leading down here.
You slash the orc!
The orc is almost dead.
Your shield prevents you from hitting the orc.
The orc hits you but does no damage.
You are electrocuted!
You block the orc's attack. The orc closely misses you.
You are too injured to fight recklessly!
You hit the orc but do no damage. You completely miss the orc.
The orc is almost dead.
The orc hits you with an enchanted dagger.
* * * LOW HITPOINT WARNING * * *
You block the orc's attack. x2
The orc hits you but does no damage.
You are electrocuted!
You die...

# ###..# #.........###..>
##.#######.#####.#..##.##
#..#...)..# ###.##....#
###)..########.......#.#
#....## ###..#.#####.#
#.#..### #...#..# #.##
##.##...####.##..## #...
#..####.#....##.## #### #
#.## #..@#####.# # ##.#
#..o>o.##.# # #..#
#.####....# #######.##
#.# ###..## ...##...# #.#
##..# ##....### #.#
###...# #..### ####.#
#...#.### ##.## ####....#
#.###...##### #..#
#....#### #.# ###.....###


You could see 2 orcs.

Vanquished Creatures
  2 adders (D:2)
  3 worms (D:2)
  An orc (D:3)
  A ball python (D:2)
  2 bats
  3 goblins
  4 hobgoblins
  A giant cockroach (D:2)
  3 giant newts
  3 kobolds
  8 rats
31 creatures vanquished.

Notes
Turn   | Place    | Note
--------------------------------------------------------------
     0 | D:1      | Proton the Formicid Fighter began the quest for the Orb.
     0 | D:1      | Reached XP level 1. HP: 18/18 MP: 1/1
   136 | D:1      | Reached XP level 2. HP: 24/24 MP: 2/2
   616 | D:2      | Reached skill level 4 in Shields
   616 | D:2      | Reached XP level 3. HP: 20/29 MP: 3/3
   669 | D:2      | Reached skill level 1 in Dodging
   861 | D:2      | Found a basalt altar of Yredelemnul.
  1108 | D:2      | Reached XP level 4. HP: 27/35 MP: 4/4
  1269 | D:3      | Noticed Yendor's ghost (amateur DEWz)
  1354 | D:2      | Mangled by an orc

Vault maps used:
D:1:      tarquinn_simple_flora_water_e, minmay_misc_feat_secret_circle
D:2:      old_standard_altar, first_bread
D:3:      gup_sewer_entry_pipe, hex_tiny

Action                   |  1- 3 |  4- 6 || total
-------------------------+-------+-------++-------
Melee: War axe           |    90 |     9 ||    99
  Eat: Meat ration       |       |     1 ||     1
